Unix NetHack Version 5.0.0-0 post-release - last build May 31 2026 23:59:36 (970b52f25bf058293b47ddfd14a1e40e571c508c,branch:main).

Game began 2026-06-04 21:01:55, ended 2026-06-05 16:43:03.

Eymerich, chaotic male elven Priest

                                                      ----------------
    -------------                                ###)#...............|
    |...........-               ################)#    |..............|
    |...........|               #                     |............[.|
    |...........-#####          #-------------        -----------.--.-
    |...........|    ########## #|C.........C|                   #  #
    |.......<...|   ###       ##)......C....%|                   #
    -.-----------               #|...-----...|                   #
     #                          #|)....{.|...|                   ##
     #####                      #|..C|{.{|C..|                    #
         ####                   #|...| {.|...|                    #
            ####                #|...-----...|                  --.---------
            ---.-               #|.....C.....|                  |..........|
            |....################|C.........C|                  |G--.......|
            |...|                -------------                  )..........|
            |>^..######                                         |..........|
            -----                                      ..       ...........|
                                                      --        ------------

Eymerich the Adept           St:15 Dx:14 Co:12 In:9 Wi:17 Ch:13  Chaotic
Dlvl:7  $:105 HP:0(38) Pw:71(77) AC:8  Xp:7 T:4565 

Latest messages:
 #
 What do you want to dip? [a-fi-kmopru-wyzABDEG-NP-Z or ?*]
 What do you want to dip a cursed blindfold into? [dXZ or ?*]
 Interesting...
 A trap door in the ceiling opens and a rock falls on your head!
 Fortunately, you are wearing a hard helmet.
 Really step onto that falling rock trap? [yn] (n)
 In what direction?
 You kick a rock.
 You see here a cursed thonged club.
 You see here a cursed thonged club.
 You see here a cursed thonged club.
 You see here a pair of jackboots.
 You have a little trouble lifting a pair of jackboots.  Continue? [ynq] (q)
 You have a little trouble lifting g - a pair of jackboots.
 Your movements are slowed slightly because of your load.
 What do you want to take off? [vyz or ?*]
 You finish taking off your boots.
 You feel yourself slow down.
 What do you want to wear? [gv or ?*]
 You finish your dressing maneuver.
 What do you want to take off? [gyz or ?*]
 You finish taking off your boots.
 What do you want to wear? [gv or ?*]
 You finish your dressing maneuver.
 You feel yourself speed up.
 What do you want to take off? [vyz or ?*]
 You finish taking off your helm.
 What do you want to drop? [$a-gi-kmopru-wyzABDEG-NP-Z or ?*]
 You drop a +0 iron skull cap.
 Your movements are now unencumbered.
 You see here a +0 iron skull cap.
 You see here a steel wand.
 h - a steel wand.
 What do you want to zap? [hMY or ?*]
 A lit field surrounds you!
 The gnome king zaps a curved wand!
 The bolt of cold whizzes by you!
 T - a bow (weapon in right hand).
 a - a blessed +1 mace (alternate weapon; not wielded).
 In what direction?
 The dagger hits the gnome king.
 The gnome king zaps a wand of cold!
 The bolt of cold hits you!
 The gnome king zaps a wand of cold!
 The bolt of cold hits you!
 You die...
 Do you want your possessions identified? [ynq] (y)
 Do you want to see your attributes? [ynq] (y)
 Do you want an account of creatures vanquished? [ynaq] (y)

Inventory:
 Coins    ('$')
  $ - 105 gold pieces
 Amulets  ('"')
  K - an amulet of flying
 Weapons  (')')
  Q - 3 +0 arrows
  P - 3 +0 crossbow bolts
  T - a +0 bow (weapon in right hand)
  W - a blessed +0 sling
  L - a +0 sling
  A - 74 +0 darts
  I - a +1 dagger
  o - 3 +0 daggers (at the ready)
  r - 2 +0 orcish daggers
  a - a blessed +1 mace (alternate weapon; not wielded)
 Armor    ('[')
  g - a +0 pair of high boots
  v - a +0 pair of speed boots (being worn)
  z - a blessed +1 dwarvish cloak (being worn)
  b - a +0 robe
 Comestibles  ('%')
  e - a clove of garlic
  S - a cram ration
  J - a food ration
  c - a pancake
  f - a sprig of wolfsbane
  U - a tripe ration
  p - 2 lichen corpses
 Scrolls  ('?')
  H - 2 scrolls of blank paper
  V - a scroll of create monster
  D - a scroll of light
  R - a scroll of scare monster
 Potions  ('!')
  Z - a blessed potion of gain level
  X - a blessed potion of paralysis
  d - a potion of holy water
 Rings    ('=')
  N - a ring of levitation
 Wands    ('/')
  h - a wand of light (0:13)
  Y - a wand of locking (0:7)
  M - a wand of magic missile (0:0)
 Tools    ('(')
  j - a leather drum
  w - a cursed blindfold
  i - a magic marker (0:19)
  k - a mirror
  B - a +0 pick-axe
  E - a tin whistle
 Gems/Stones  ('*')
  u - a worthless piece of white glass named soft
  m - 6 flint stones
  G - a rock

Eymerich the Priest's attributes:

Background:
 You were an Adept, a level 7 elven Priest.
 You were chaotic, on a mission for Huan Ti
 who was opposed by Shan Lai Ching (lawful) and Chih Sung-tzu (neutral).
 You were right-handed.
 You were in the Dungeons of Doom, on level 7.
 You entered the dungeon 4565 turns ago.
 You had 785 experience points, 495 more were needed to attain level 8.

Basics:
 You had 0 out of 38 hit points.
 You had 71 out of 77 energy points (spell power).
 Your armor class was 8.
 Your wallet contained 105 zorkmids.
 Autopickup was off.

Final Characteristics:
 Your strength was 15 (limit:18).
 Your dexterity was 14 (limit:18).
 Your constitution was 12 (limit:16).
 Your intelligence was 9 (limit:20).
 Your wisdom was 17 (limit:20).
 Your charisma was 13 (limit:18).

Final Status:
 You weren't hungry.
 You were unencumbered.
 You were wielding a bow.
 You were unskilled in bow.

Final Attributes:
 You were piously aligned.
 Your items were somewhat protected from fire.
 Your items were somewhat protected from cold.
 You were sleep resistant.
 You were telepathic.
 You had infravision.
 You were warded.
 You were very fast.
 You are dead.

Miscellaneous:
 You didn't encounter any bones levels.
 Total elapsed playing time was 2 hours, 7 minutes and 8 seconds.

Major events:
 Turn
    1: Eymerich the chaotic elven Priest entered the dungeon
  861: attained the rank of Acolyte (level 3)
 1431: entered the Gnomish Mines
 2657: attained the rank of Adept (level 6)
 4565: killed by a bolt of cold zapped by a gnome king

Spells:
 Name                 Level Category     Fail Retention
 healing                1   healing        0%  76%-100%
 create monster         2   clerical       0%   71%-80%
 extra healing          3   healing       85%  76%-100%
 detect food            2   divination    58%  76%-100%

Skills:
 Fighting Skills
   bare handed combat [Unskilled]
 Weapon Skills
   club               [Unskilled]
   mace               [Basic]
   morning star       [Unskilled]
   flail              [Unskilled]
   hammer             [Unskilled]
   quarterstaff       [Unskilled]
   polearms           [Unskilled]
   spear              [Unskilled]
   trident            [Unskilled]
   lance              [Unskilled]
   bow                [Unskilled]
   sling              [Unskilled]
   crossbow           [Unskilled]
   dart               [Unskilled]
   shuriken           [Unskilled]
   boomerang          [Unskilled]
   unicorn horn       [Unskilled]
 Spellcasting Skills
   healing spells     [Unskilled]
   divination spells  [Unskilled]
   clerical spells    [Basic]

Voluntary challenges:
 Character rerolling was not enabled.
 You never genocided any monsters.
 You never polymorphed an object.
 You never changed form.
 You used no wishes.
Achievements:
 You entered a shop.
 You attained the rank of Acolyte.
 You entered the Gnomish Mines.
 You attained the rank of Adept.

 The Dungeons of Doom: levels 1 to 7
    Level 1:
       A fountain.
    Level 2: "locked box"
       A weapon shop.
       Stairs down to The Gnomish Mines.
    Level 3: "locked chest, locked box, vault"
    Level 4: "locked box"
       A fountain, a sink.
    Level 5: "chest 19 items (under boulder)"
       A grave.
    Level 6:
    Level 7: <- You were here.
       Many fountains.
       Final resting place for
          you, killed by a bolt of cold zapped by a gnome king.
 The Gnomish Mines: levels 3 to 4
    Level 3:
    Level 4:


Vanquished creatures:
  2 small mimics
  a wolf
  2 leprechauns
  a jaguar
  a gnome mummy
  a wood nymph
  a rock piercer
  a rock mole
  a fog cloud
  a shrieker
  2 gnome leaders
  a gray ooze
  a paper golem
  3 giant ants
  2 little dogs
  3 floating eyes
  4 dwarves
  a homunculus
  a kobold shaman
  2 rothes
  a rabid rat
  3 orc zombies
  a dwarf zombie
  a wererat
  4 iguanas
  5 coyotes
  a gas spore
  4 hobbits
  2 manes
  2 large kobolds
  4 giant rats
  3 cave spiders
  a brown mold
  a green mold
  a red mold
 10 gnomes
  3 geckos
  9 jackals
  2 foxes
  4 goblins
  4 sewer rats
  9 grid bugs
  7 lichens
  3 kobold zombies
  3 newts
120 creatures vanquished.

No species were genocided or became extinct.

Game over:
                       ----------
                      /          \
                     /    REST    \
                    /      IN      \
                   /     PEACE      \
                  /                  \
                  |     Eymerich     |
                  |      105 Au      |
                  | killed by a bolt |
                  |  of cold zapped  |
                  | by a gnome king  |
                  |                  |
                  |       2026       |
                 *|     *  *  *      | *
        _________)/\\_//(\/(/\)/\//\/|_)_______

Goodbye Eymerich the Priest...

You died in The Dungeons of Doom on dungeon level 7 with 3565 points,
and 105 pieces of gold, after 4565 moves.
You were level 7 with a maximum of 38 hit points when you died.

